 Dungeon Crawl Stone Soup version 0.32-a0-306-gfed3edf829 (webtiles) character file.

Game seed: 5810815640957035960

153 oldriver the Conjurer (level 5, 0/39 HPs)
             Began as a Demonspawn Conjurer on Feb 15, 2024.
             Incinerated by a bombardier beetle (5 damage)
             ... with a burning spray
             ... on level 3 of the Dungeon.
             The game lasted 00:02:20 (2837 turns).

oldriver the Conjurer (Demonspawn Conjurer)         Turns: 2837, Time: 00:02:21

Health: 0/39       AC:  4    Str:  7    XL:     5   Next: 12%
Magic:  2/9        EV: 12    Int: 20    God:
Gold:   174        SH:  0    Dex: 12    Spells: 9/10 levels left

rFire   . . .        k - +0 dagger
rCold   . . .        (no shield)
rNeg    . . .        a - +0 robe
rPois   .            (no helmet)
rElec   .            (no cloak)
rCorr   .            (no gloves)
SInv    .            p - +0 pair of boots
Will    .....        (no amulet)
Stlth   +            e - +4 ring of slaying
HPRegen 0.26/turn    (no ring)
MPRegen 0.11/turn

%: no passive effects
@: on fire, glowing
A: claws 1, rugged brown scales 1, demonic guardian 1
a: no special abilities


You were on level 3 of the Dungeon.
You visited 1 branch of the dungeon, and saw 3 of its levels.

You collected 174 gold pieces.

Inventory:

Hand Weapons
 k - a +0 dagger (weapon)
Armour
 a - a +0 robe (worn)
 p - a +0 pair of boots (worn)
Jewellery
 e - a +4 ring of slaying (left claw)
 n - a ring of ice
Scrolls
 c - a scroll of fear {unknown}
 f - a scroll of fog {unknown}
 g - a scroll of noise {unknown}
 i - a scroll of poison {unknown}
 o - a scroll of identify {unknown}
Potions
 b - 2 potions of magic
 d - 2 potions of haste {unknown}
 h - a potion of curing {unknown}
 j - a potion of ambrosia {unknown}
 l - a potion of enlightenment {unknown}
 m - a potion of degeneration {unknown}


   Skills:
 + Level 1.7 Fighting
 + Level 2.5 Dodging
 + Level 2.5 Stealth
 * Level 3.3 Spellcasting
 + Level 4.4 Conjurations


You had 9 spell levels left.
You knew the following spells:

 Your Spells              Type           Power      Damage    Failure   Level
a - Magic Dart            Conj           84%        1d7       2%          1

Your spell library contained the following spells:

 Spells                   Type           Power      Damage    Failure   Level
 Searing Ray              Conj           42%        2d6       3%          2
 Call Imp                 Summ           6%         N/A       22%         2
 Sublimation of Blood     Necr           3%         N/A       22%         2
 Fulminant Prism          Conj/Alch      6%         3d7       50%         4
 Iskenderun's Mystic Bla  Conj/Tloc      12%        2d5       50%         4
 Summon Hydra             Summ           1%         N/A       100%        7


Dungeon Overview and Level Annotations

Branches:
Dungeon (3/15)

Altars:


Innate Abilities, Weirdness & Mutations

You have sharp fingernails.
You are partially covered in rugged brown scales. (AC +1, +3% HP)
A weak demonic guardian rushes to your aid.


Message History

You are too injured to fight recklessly!
You are too injured to fight recklessly!
You are too injured to fight recklessly!
You are on fire!
Unknown command.
Casting: Magic Dart (safe; 2% risk of failure)
Confirm with . or Enter, or press ? or * to list all spells.
You don't know that spell.
Unknown command.
Unknown command.
You hit the bombardier beetle.
The bombardier beetle is severely wounded.
The liquid fire burns you!
You hit the bombardier beetle.
The bombardier beetle is almost dead.
The liquid fire burns you!
* * * LOW HITPOINT WARNING * * *
A demonic guardian appears!
The bombardier beetle sprays incendiary fluid at you.
The burning spray misses you.
Casting: Magic Dart (safe; 2% risk of failure)
Confirm with . or Enter, or press ? or * to list all spells.
Aiming: Magic Dart (safe; 2% risk of failure)
Press: ? - help, Shift-Dir - straight line, f/p - bombardier beetle
Aim: a bombardier beetle (almost dead, ally target, 100% to hit)
The magic dart hits the bombardier beetle but does no damage.
The bombardier beetle is almost dead.
The liquid fire burns you!
* * * LOW HITPOINT WARNING * * *
Your ufetubus slips past the bombardier beetle!
Your ufetubus hits the bombardier beetle.
The bombardier beetle dies!
You have reached level 5!
Your demonic ancestry asserts itself...
Your fingernails lengthen.
You are on fire!
You are on fire!
You shake off some of the fire as you move.
The liquid fire burns you!
You die...

#.#.............#
..##.......####.##
###...........# #
# #...####.###.#.#
##### #.## .# #
########.# $.# #
.........## #.. ..
...######.###.# ##
##..@# # ##..#
.....5†..#
########.# #.# #.#
#.# #.# .#


You could see a friendly ufetubus (summoned).

Vanquished Creatures
  2 adders
  2 dart slugs
  A ribbon worm (D:3)
  4 orcs (D:3)
  3 ball pythons
  4 endoplasms
  A giant cockroach (D:1)
  4 goblins
  3 hobgoblins
  5 jackals
  9 kobolds
  2 bats (D:3)
  2 frilled lizards
  3 rats
45 creatures vanquished.

Vanquished Creatures (collateral kills)
  A bombardier beetle (D:3)
  A goblin (D:1)
  A hobgoblin (D:1)
  3 jackals (D:1)
6 creatures vanquished.

Grand Total: 51 creatures vanquished

Notes
Turn   | Place    | Note
-------+----------+-------------------------------------------
     0 | D:1      | oldriver the Demonspawn Conjurer began the quest for the
                  | Orb.
     0 | D:1      | Reached XP level 1. HP: 13/13 MP: 3/3
   209 | D:1      | Gained mutation: A weak demonic guardian rushes to your
                  | aid. [demonic ancestry]
   209 | D:1      | Reached XP level 2. HP: 20/20 MP: 1/5
   321 | D:1      | Gained mutation: You are partially covered in rugged brown
                  | scales. (AC +1, +3% HP) [demonic ancestry]
   321 | D:1      | Reached XP level 3. HP: 9/25 MP: 0/6
   391 | D:1      | Reached skill level 1 in Fighting
  1825 | D:2      | You fall into a shaft and drop 1 floor!
  1927 | D:3      | Reached XP level 4. HP: 32/32 MP: 6/8
  2837 | D:3      | Gained mutation: You have sharp fingernails. [demonic
                  | ancestry]
  2837 | D:3      | Reached XP level 5. HP: 5/39 MP: 2/9
  2837 | D:3      | Incinerated by a bombardier beetle

Illustrated notes

Levels and vault maps discovered:
D:1:      minmay_arrival_loop, layout_loops_ring,
          chequers_serial_rivers_small_a, minmay_pentomino_t4
D:2:      layout_loops_corners
D:3:      layout_loops_ring, minitemple

Skill      XL: |  1  2  3  4 |
---------------+-------------+-----
Dodging        | 2 |  2.5
Stealth        | 2 |  2.5
Fighting       | 1 |  1.7
Spellcasting   | 3 |  3.3
Conjurations   | |  4.4

Action                     |  1- 3 |  4- 6 || total
---------------------------+-------+-------++-------
  Melee: Unarmed           |    17 |       ||    17
         Dagger            |       |     3 ||     3
   Cast: Magic Dart        |    53 |    48 ||   101
 Armour: Robe              |    20 |     3 ||    23
  Dodge: Dodged            |    24 |     4 ||    28

Table legend: (Time is in decaauts)
 A = Elapsed time spent in this place.
 B = Non-inter-level travel time spent in this place.
 C = Inter-level travel time spent in this place.
 D = Time resting spent in this place.
 E = Time spent auto-exploring this place.
 F = Levels seen in this place.
 G = Mean time per level.
                   A        B        C        D        E       F      G
               +--------+--------+--------+--------+--------+-----+--------+
         Total |   2837 |   2686 |    151 |    134 |   2281 |   3 |  945.7 |
       Dungeon |   2837 |   2686 |    151 |    134 |   2281 |   3 |  945.7 |
               +--------+--------+--------+--------+--------+-----+--------+

Top non-repeatable levels by time:
     D:2: 1128 daAuts
     D:1: 1005 daAuts
     D:3: 704 daAuts
